Map: Piaskowy Wąwóz

Players

Arvaros - Winner!

  • Race: Protoss Protoss
  • Spawn Location: 3:00

Legol - Winner!

  • Race: Protoss Protoss
  • Spawn Location: 5:00

Vodoskino

  • Race: Terran Terran
  • Spawn Location: 11:00

Ventura

  • Race: Protoss Protoss
  • League: Silver
  • Spawn Location: 9:00

VOD

Have the link to the VOD?

Description

Time

  • Played on: Dec. 26, 2019, 4:56 p.m.
  • Length: 10:46
Show
View Real Time Build Order
Export as new Build Order

Arvaros Protoss - Winner!

Build Orders: 1 Gate Expand, Oracle Opening 

Get SALT Encoding   

  12  0:01  Probe  
  13  0:18  Probe, Pylon  
  14  0:30  Probe  
  15  0:39  Gateway  
  15  0:44  Assimilator  
  15  0:46  Probe (Chrono Boost)  
  16  0:58  Probe (Chrono Boost)  
  17  1:05  Probe (Chrono Boost)  
  18  1:29  Cybernetics Core  
  18  1:36  Probe  
  18  1:38  Nexus  
  19  1:44  Assimilator  
  19  1:48  Probe  
  20  2:00  Probe  
  21  2:08  Stalker  
  21  2:15  Pylon  
  23  2:33  Probe, Stargate  
  24  2:45  Probe  
  26  3:00  Probe (Chrono Boost), Pylon  
  26  3:04  Probe (Chrono Boost)  
  27  3:09  Assimilator  
  29  3:13  Assimilator, Probe (Chrono Boost)  
  29  3:14  Probe (Chrono Boost)  
  29  3:18  Probe (Chrono Boost), Oracle (Chrono Boost)  
  29  3:21  Probe  
  34  3:30  Probe  
  34  3:33  Probe  
  36  3:42  Probe  
  36  3:46  Probe  
  36  3:47  Pylon  
  36  3:48  Oracle  
  41  3:54  Probe  
  42  3:58  Probe  
  42  4:02  Stargate  
  43  4:06  Probe  
  44  4:40  Cybernetics Core  
  44  4:42  Probe (Chrono Boost)  
  46  4:49  Void Ray x2  
  46  4:51  Protoss Air Weapons Level 1, Probe (Chrono Boost)  
  46  4:52  Probe (Chrono Boost)  
  55  4:57  Probe x2 (Chrono Boost)  
  57  5:09  Probe x2  
  59  5:17  Pylon  
  59  5:21  Probe  
  60  5:32  Fleet Beacon  
  60  5:37  Forge  
  60  6:06  Unknown  
  60  6:10  Void Ray  
  60  6:11  Void Ray  
  68  7:06  Nexus  
  68  7:08  Pylon  
  68  7:11  Pylon  
  68  7:15  Stargate  
  68  7:30  Void Ray  
  68  7:31  Void Ray  
  76  8:13  Void Ray x2  
  84  8:20  Protoss Air Weapons Level 2  
  84  8:21  Protoss Air Armor Level 1  
  88  9:08  Tempest  
  77  9:10  Tempest  
  77  9:11  Tempest  
  80  9:53  Tempest  
  80  9:54  Tempest  
  90  10:08  Assimilator  
  90  10:12  Assimilator  
Show
View Real Time Build Order
Export as new Build Order

Legol Protoss - Winner!

Build Orders: 1 Gate Expand 

Get SALT Encoding   

  12  0:01  Probe  
  13  0:13  Probe  
  14  0:20  Pylon  
  14  0:28  Probe  
  15  0:39  Gateway  
  15  0:40  Probe (Chrono Boost)  
  16  0:52  Probe (Chrono Boost)  
  16  0:54  Assimilator  
  17  0:57  Probe (Chrono Boost)  
  18  1:08  Probe (Chrono Boost)  
  19  1:18  Probe (Chrono Boost)  
  20  1:28  Nexus  
  20  1:42  Cybernetics Core  
  20  1:47  Assimilator  
  20  1:51  Probe  
  21  2:02  Pylon  
  21  2:03  Probe  
  22  2:15  Probe  
  22  2:20  Warp Gate, Stalker  
  25  2:32  Pylon  
  25  2:40  Gateway  
  25  2:45  Probe (Chrono Boost)  
  25  2:48  Probe (Chrono Boost)  
  27  2:55  Stalker  
  27  2:58  Probe (Chrono Boost)  
  31  3:02  Probe (Chrono Boost)  
  31  3:09  Probe (Chrono Boost), Forge  
  33  3:13  Probe (Chrono Boost)  
  33  3:25  Probe (Chrono Boost)  
  35  3:29  Probe (Chrono Boost), Stalker  
  35  3:31  Probe (Chrono Boost)  
  38  3:36  Probe  
  38  3:38  Pylon  
  39  3:47  Photon Cannon  
  39  3:50  Stalker  
  41  4:03  Twilight Council  
  41  4:05  Probe (Chrono Boost)  
  41  4:06  Probe (Chrono Boost)  
  43  4:16  Probe x2 (Chrono Boost), Photon Cannon  
  45  4:19  Stalker  
  47  4:24  Protoss Ground Weapons Level 1 (Chrono Boost)  
  47  4:33  Stalker  
  49  4:40  Blink  
  49  4:48  Probe (Chrono Boost)  
  49  4:49  Probe (Chrono Boost)  
  49  4:51  Gateway  
  49  4:52  Assimilator, Gateway  
  52  5:00  Probe (Chrono Boost)  
  52  5:02  Stalker x2  
  52  5:06  Probe (Chrono Boost)  
  57  5:08  Probe (Chrono Boost)  
  57  5:12  Probe (Chrono Boost)  
  59  5:25  Assimilator  
  59  5:26  Photon Cannon  
  59  5:29  Photon Cannon  
  59  5:38  Robotics Facility  
  59  5:42  Pylon, Stalker  
  59  5:44  Pylon  
  59  5:47  Pylon  
  61  6:13  Nexus  
  59  6:23  Stalker x3  
  59  6:24  Stalker  
  67  6:26  Immortal (Chrono Boost)  
  67  6:27  Protoss Ground Weapons Level 2 (Chrono Boost)  
  71  6:36  Probe x2  
  73  6:48  Probe x2  
  75  6:57  Gateway  
  75  6:59  Gateway  
  75  7:01  Templar Archives  
  75  7:02  Gateway  
  75  7:09  Stalker x3  
  75  7:10  Stalker  
  83  7:33  Probe x3  
  83  7:34  Pylon  
  86  7:45  Probe x3  
  87  7:55  Stalker x6  
  87  7:57  Probe  
  100  8:04  Probe (Chrono Boost)  
  102  8:06  Probe (Chrono Boost)  
  102  8:08  Assimilator  
  102  8:12  Assimilator  
  103  8:14  Probe (Chrono Boost), Pylon  
  103  8:16  Probe (Chrono Boost)  
  103  8:17  Forge  
  103  8:18  Pylon  
  105  8:21  Probe (Chrono Boost), Observer, Pylon  
  105  8:23  Probe (Chrono Boost)  
  107  8:30  Stalker  
  107  8:54  Stalker x2  
  107  8:55  Stalker x4  
  117  8:56  Stalker  
  117  9:01  Probe x2  
  117  9:02  Probe  
  124  9:11  Gateway  
  124  9:14  Gateway  
  124  9:16  Gateway x2  
  124  9:30  Stalker  
  124  9:31  Stalker x3  
  132  9:58  Stalker  
  132  10:08  Pylon  
  132  10:10  Pylon  
  132  10:12  Pylon  
  132  10:14  Pylon  
  132  10:16  Pylon  
  132  10:17  Pylon  
Show
View Real Time Build Order
Export as new Build Order

Vodoskino Terran 

Build Orders:  

Get SALT Encoding   

  12  0:04  SCV  
  13  0:17  SCV  
  14  0:28  Refinery  
  14  0:29  SCV  
  15  0:37  Refinery  
  15  0:48  Supply Depot  
  15  1:10  SCV  
  16  1:15  Supply Depot  
  16  1:32  SCV  
  17  1:39  Supply Depot  
  17  1:44  SCV  
  18  1:56  SCV  
  19  2:02  Supply Depot  
  19  2:03  Engineering Bay  
  19  2:08  SCV  
  20  2:37  Command Center  
  20  2:48  SCV  
  20  2:49  Missile Turret  
  21  2:58  Barracks  
  21  3:25  Missile Turret  
  21  3:28  Sensor Tower  
  21  3:33  SCV  
  22  3:43  Barracks  
  22  3:50  Factory  
  22  3:51  Barracks Tech Lab  
  22  3:54  Terran Infantry Weapons Level 1  
  14  4:29  Marauder  
  14  4:39  SCV  
  15  4:51  SCV  
  16  4:53  SCV  
  17  5:25  SCV  
  17  5:38  SCV  
  18  5:48  Terran Infantry Armor Level 1  
  18  5:50  SCV  
  19  6:02  SCV  
  20  6:14  SCV  
  21  6:22  Factory Tech Lab  
  21  6:25  Barracks Tech Lab  
  7  6:50  SCV  
  8  6:55  Sensor Tower  
  8  6:56  SCV  
  9  7:02  SCV  
  9  7:08  SCV  
  9  7:14  SCV  
  11  7:20  SCV  
  12  7:26  SCV  
  7  7:33  SCV  
  8  7:42  Neosteel Armor  
  7  7:45  SCV  
  2  9:22  Hi-Sec Auto Tracking  
Show
View Real Time Build Order
Export as new Build Order

Ventura Protoss 

Build Orders:  

Get SALT Encoding   

  12  0:01  Probe  
  13  0:14  Probe  
  14  0:19  Pylon  
  14  0:26  Probe (Chrono Boost)  
  15  0:37  Probe (Chrono Boost)  
  16  0:42  Gateway  
  16  0:46  Probe  
  16  0:49  Assimilator  
  17  0:58  Probe  
  18  1:10  Probe (Chrono Boost)  
  19  1:19  Probe (Chrono Boost)  
  19  1:24  Probe (Chrono Boost)  
  20  1:31  Cybernetics Core  
  21  1:37  Probe  
  21  1:38  Pylon  
  22  1:51  Nexus  
  22  1:57  Nexus  
  22  2:07  Stalker  
  24  2:08  Warp Gate  
  24  2:14  Assimilator  
  24  2:25  Probe (Chrono Boost)  
  25  2:30  Probe (Chrono Boost)  
  26  2:40  Stalker  
  26  2:43  Probe  
  29  2:54  Robotics Facility  
  29  2:56  Probe  
  30  3:09  Assimilator  
  30  3:10  Stalker  
  32  3:14  Pylon  
  32  3:15  Probe  
  32  3:16  Probe  
  34  3:34  Stargate  
  34  3:36  Pylon  
  34  3:38  Probe x2  
  36  3:41  Observer  
  37  4:00  Stalker  
  40  4:02  Probe (Chrono Boost)  
  40  4:03  Probe (Chrono Boost)  
  40  4:07  Assimilator  
  41  4:15  Probe x2 (Chrono Boost)  
  43  4:41  Stalker  
  45  4:48  Fleet Beacon  
  45  4:56  Probe (Chrono Boost)  
  45  4:57  Probe (Chrono Boost)  
  45  4:58  Forge  
  47  5:01  Pylon  
  47  5:03  Pylon  
  47  5:08  Probe (Chrono Boost)  
  47  5:09  Probe (Chrono Boost)  
  49  5:15  Probe (Chrono Boost)  
  49  5:16  Probe (Chrono Boost)  
  51  5:23  Probe x2  
  51  5:26  Stargate  
  53  5:39  Pylon  
  53  5:40  Protoss Air Weapons Level 1 (Chrono Boost), Pylon  
  53  5:42  Photon Cannon  
  53  5:43  Photon Cannon  
  53  5:46  Shield Battery x2, Carrier (Chrono Boost)  
  50  5:59  Stalker  
  51  6:25  Photon Cannon  
  51  6:28  Shield Battery  
  51  6:30  Probe  
  51  6:31  Probe  
  53  6:44  Photon Cannon  
  53  7:18  Probe (Chrono Boost), Nexus  
  53  7:19  Probe (Chrono Boost)  
  53  7:20  Pylon  
  55  7:28  Probe x2 (Chrono Boost)  
  57  7:33  Probe (Chrono Boost)  
  57  7:34  Probe  
  59  7:51  Carrier (Chrono Boost)  
  59  7:57  Carrier (Chrono Boost)  
  71  8:12  Pylon  
  71  8:20  Protoss Air Armor Level 1  
  71  8:25  Pylon  
  71  8:32  Photon Cannon  
  71  8:35  Shield Battery  
  71  8:37  Photon Cannon  
  71  8:43  Probe x2  
  70  9:13  Probe (Chrono Boost)  
  70  9:14  Probe (Chrono Boost), Pylon  
  70  9:15  Probe (Chrono Boost)  
  73  9:18  Carrier x2 (Chrono Boost)  
  73  9:24  Probe x3 (Chrono Boost)  
  88  9:28  Probe x3 (Chrono Boost)  
  91  9:33  Stargate  
  91  9:34  Stargate  
  91  9:39  Stargate  
  91  10:09  Pylon  
  91  10:16  Gateway  
  91  10:19  Gateway  
Tags
 
Add a new tag
Caveats
  • Supply blocks, unpowered buildings, or Contaminate may cause inaccurate times.
  • Supply counts are checked every 10 seconds.